 Dungeon Crawl Stone Soup version 0.21.1-1-g345015f (webtiles) character file.

2336 pstr the Geomancer (level 9, -1/75 HPs)
             Began as a Naga Earth Elementalist on Feb 24, 2018.
             Was a Priest of Elyvilon.
             Slain by a hog (12 damage)
             ... on level 7 of the Dungeon.
             The game lasted 00:23:46 (9788 turns).

pstr the Geomancer (Naga Earth Elementalist)        Turns: 9788, Time: 00:23:47

Health: -1/75      AC:  6    Str:  7    XL:     9   Next: 42%
Magic:  13/19      EV: 10    Int: 22    God:    Elyvilon [***...]
Gold:   230        SH:  0    Dex: 11    Spells: 12/21 levels left

rFire    . . .     SeeInvis +   o - +3 long sword
rCold    . . .     Gourm    .   (no shield)
rNeg     . . .     Faith    .   c - +0 robe
rPois    +         Spirit   .   (helmet restricted)
rElec    .         Reflect  .   z - +0 cloak
rCorr    .         Harm     .   (no gloves)
MR       +....     Rnd*Tele +   (no barding)
Stlth    ++........             (no amulet)
HPRegen  0.22/turn              q - ring of teleportation (curse)
MPRegen  0.16/turn              G - -3 ring of strength (curse)

@: very slow
A: large, horns 1, rugged brown scales 1, see invisible, clever 1, deformed
body, poison resistance, slowness 2, slow metabolism 1, spit poison 1, AC +3
a: Spit Poison, Lesser Healing, Heal Other, Purification, Divine Protection,
Renounce Religion


You were on level 7 of the Dungeon.
You worshipped Elyvilon.
Elyvilon was most pleased with you.
You were hungry.

You visited 1 branch of the dungeon, and saw 7 of its levels.

You collected 230 gold pieces.

Inventory:

Hand Weapons
 g - a +0 short sword
 o - a +3 long sword (weapon)
 D - a +2 short sword of holy wrath
Missiles
 l - 50 arrows
 u - 14 stones (quivered)
Armour
 c - a +0 robe (worn)
 i - a cursed +0 helmet
 s - a +0 animal skin
 t - a +0 helmet
 z - a +0 cloak (worn)
 B - a +0 leather armour
Jewellery
 b - a +3 ring of dexterity
 q - a cursed ring of teleportation (left hand)
 x - an uncursed ring of protection from fire
 G - a cursed -3 ring of strength (right hand)
 L - an uncursed ring of resist corrosion {unknown}
Wands
 p - a wand of polymorph (17)
 F - a wand of disintegration (9)
Scrolls
 a - 2 scrolls of magic mapping {unknown}
 h - 4 scrolls of remove curse {unknown}
 j - 2 scrolls of immolation {unknown}
 k - 7 scrolls of identify {unknown}
 n - a scroll of enchant weapon {unknown}
 r - 2 scrolls of blinking {unknown}
 v - a scroll of amnesia {unknown}
 y - 4 scrolls of teleportation {unknown}
 A - a scroll of noise {unknown}
 H - a scroll of fog {unknown}
Potions
 f - 2 potions of lignification
 m - 2 potions of brilliance
 w - a potion of degeneration
 I - a potion of flight {unknown}
 K - a potion of haste {unknown}
Books
 e - a book of Geomancy

   Spells                             Type                      Level
   a - Sandblast                      Earth                        1
   b - Passwall                       Transmutation/Earth          2
   c - Stone Arrow                    Conjuration/Earth            3
   d - Petrify                        Transmutation/Earth          4
   e - Lee's Rapid Deconstruction     Earth                        5
 C - a book of Cantrips

   Spells                             Type                      Level
   a - Confusing Touch                Hexes                        1
   b - Animate Skeleton               Necromancy                   1
   c - Summon Small Mammal            Summoning                    1
   d - Apportation                    Translocation                1
Comestibles
 d - 12 rations
 J - a chunk of flesh


   Skills:
 + Level 2.0 Fighting
 + Level 2.1 Long Blades
 + Level 2.6 Dodging
 + Level 4.1 Stealth
 + Level 6.9 Spellcasting
 + Level 4.2 Conjurations
   Level 1.0 Transmutations
 + Level 8.1 Earth Magic
 + Level 0.1 Invocations


You had 12 spell levels left.
You knew the following spells:

 Your Spells              Type           Power        Failure   Level  Hunger
a - Sandblast             Erth           #####.       1%          1    None
b - Stone Arrow           Conj/Erth      ####..       1%          3    None
c - Lee's Rapid Deconstr  Erth           #####.....   8%          5    #####..


Dungeon Overview and Level Annotations

Branches:
Dungeon (7/15)             Temple (0/1) D:7

Altars:
Ashenzari
Elyvilon
Gozag
Nemelex Xobeh


Innate Abilities, Weirdness & Mutations

You cannot wear boots.
Your serpentine skin is tough. (AC +3)
You have supernaturally acute eyesight. (SInv)
Armour fits poorly on your strangely shaped body.
Your system is resistant to poisons. (rPois)
You cover ground very slowly.
You have a slow metabolism.
You can spit poison.
You have a pair of small horns on your head.
You are partially covered in rugged brown scales. (AC +1, +3% HP)
Your mind is acute. (Int +2)


Message History

Confirm with . or Enter, or press ? or * to list all spells.
Aiming: Sandblast
Press: ? - help, Shift-Dir - straight line, f - hog
Aim: a hog The blast of sand hits the hog.
The hog is moderately wounded.
u - 15 stones The hog bites you!
* * * LOW HITPOINT WARNING * * *
Casting: Sandblast
Confirm with . or Enter, or press ? or * to list all spells.
Aiming: Sandblast
Press: ? - help, Shift-Dir - straight line, f/p - hog
Aim: a hog (moderately wounded)
The blast of sand misses the hog.
u - 14 stones The hog bites you!
* * * LOW HITPOINT WARNING * * *
The hog bites you!
You die...

# #.####.##.....### #. #
#.# #.##⌠.>.⌠.####. #
#.# #.##.)......... #
#.# #.##..⌠....###. #
#.# #.........#.##. #
#.####..###.#.###...
############
#.#.......#.........
...........#
#.#.#.#.....<...####
##########.#
#.#@#...#.#######
#.###.#h##...>###
#.##...p.....[..##
#.##.............#
#[...##........#.#######
###########....#........
#..#####..###.
#....#....# #.
##...#....###.


You could see a hog and a human.

Vanquished Creatures
  Grinder (D:4)
  2 hogs (D:7)
  A sky beast (D:6)
  An orc warrior (D:2)
  A centaur (D:7)
  Blork the orc (D:5)
  4 bullfrogs
  A wyvern skeleton (D:6)
  A scorpion (D:7)
  2 howler monkeys
  A crimson imp (D:5)
  A bullfrog zombie (D:5)
  A centaur skeleton (D:4)
  The ghost of letownia2 the Chiller, a weakling VSIE of Sif Muna (D:3)
  2 bullfrog skeletons
  6 hounds
  3 orc wizards
  2 iguanas
  Natasha (thrice) (D:2)
  6 worker ants
  A hound skeleton (D:6)
  A worker ant zombie (D:4)
  Robin (D:2)
  13 adders
  4 gnolls (D:2)
  2 shadow imps (D:6)
  2 oozes (D:4)
  An adder zombie (D:7)
  An adder skeleton (D:7)
  2 worms
  A dart slug (D:2)
  4 leopard geckos
  24 orcs
  5 bats
  7 giant cockroaches
  12 hobgoblins
  4 jackals (D:1)
  7 kobolds
  2 quokkas
  3 ball pythons
  7 frilled lizards
  15 goblins
  A jackal skeleton (D:5)
  4 rats
165 creatures vanquished.

Notes
Turn   | Place    | Note
-------+----------+-------------------------------------------
     0 | D:1      | pstr the Naga Earth Elementalist began the quest for the Orb.
     0 | D:1      | Reached XP level 1. HP: 15/15 MP: 3/3
   107 | D:1      | Reached XP level 2. HP: 8/22 MP: 0/5
   800 | D:1      | Reached XP level 3. HP: 28/28 MP: 4/6
   808 | D:1      | Learned a level 3 spell: Stone Arrow
  1225 | D:2      | Noticed an orc warrior
  1560 | D:2      | Reached skill level 4 in Earth Magic
  1569 | D:2      | Noticed Natasha
  1577 | D:2      | Killed Natasha
  1577 | D:2      | Reached skill level 1 in Conjurations
  1577 | D:2      | Reached XP level 4. HP: 32/36 MP: 0/8
  1691 | D:2      | Noticed Natasha
  1694 | D:2      | Killed Natasha
  1715 | D:2      | Noticed Natasha
  1718 | D:2      | Killed Natasha
  1718 | D:2      | Reached XP level 5. HP: 34/42 MP: 1/9
  1842 | D:2      | Noticed Robin
  1855 | D:2      | Killed Robin
  2006 | D:2      | HP: 2/42 [orc warrior/glaive (6)]
  2599 | D:3      | Noticed letownia2's ghost (weakling VSIE)
  2607 | D:3      | Killed letownia2's ghost
  2612 | D:3      | Reached skill level 5 in Earth Magic
  2612 | D:3      | Reached XP level 6. HP: 43/49 MP: 4/11
  3485 | D:2      | Gained mutation: Your body sometimes deteriorates upon taking damage. [potion of mutation]
  3485 | D:2      | Gained mutation: You are partially covered in thin metallic scales. (AC +2) [potion of mutation]
  3485 | D:2      | Gained mutation: You are agile. (Dex +2) [potion of mutation]
  3495 | D:2      | Killed an orc warrior
  3495 | D:2      | Reached skill level 1 in Long Blades
  3805 | D:2      | Found a white marble altar of Elyvilon.
  3813 | D:2      | Became a worshipper of Elyvilon the Healer
  4291 | D:4      | Reached XP level 7. HP: 56/56 MP: 3/13
  4762 | D:4      | Found an opulent altar of Gozag.
  4799 | D:4      | Reached * piety under Elyvilon
  5224 | D:4      | Found a shattered altar of Ashenzari.
  5311 | D:4      | Noticed Grinder
  5318 | D:4      | Paralysed by Grinder for 3 turns
  5322 | D:4      | Killed Grinder
  5322 | D:4      | Reached skill level 5 in Spellcasting
  5322 | D:4      | Reached skill level 6 in Earth Magic
  5596 | D:4      | Reached skill level 1 in Fighting
  5596 | D:4      | Reached XP level 8. HP: 64/64 MP: 5/15
  5674 | D:4      | Learned a level 5 spell: Lee's Rapid Deconstruction
  6191 | D:5      | Entered Level 5 of the Dungeon
  6264 | D:5      | Noticed Blork the orc
  6265 | D:5      | Reached ** piety under Elyvilon
  6273 | D:5      | Killed Blork the orc
  7695 | D:6      | Found a sparkling altar of Nemelex Xobeh.
  7698 | D:6      | Reached skill level 7 in Earth Magic
  8216 | D:6      | Lost mutation: You are agile. (Dex +2) [potion of mutation]
  8216 | D:6      | Lost mutation: Your body sometimes deteriorates upon taking damage. [potion of mutation]
  8216 | D:6      | Lost mutation: You are partially covered in thin metallic scales. (AC +2) [potion of mutation]
  8216 | D:6      | Gained mutation: You are partially covered in rugged brown scales. (AC +1, +3% HP) [potion of mutation]
  8216 | D:6      | Gained mutation: You have a pair of small horns on your head. [potion of mutation]
  8216 | D:6      | Gained mutation: Your mind is acute. (Int +2) [potion of mutation]
  8769 | D:6      | Reached *** piety under Elyvilon
  8868 | D:7      | Found a staircase to the Ecumenical Temple.
  8934 | D:7      | Reached XP level 9. HP: 39/75 MP: 0/18
  9194 | D:7      | Was placed under penance by Elyvilon
  9546 | D:7      | Was forgiven by Elyvilon
  9783 | D:7      | Reached skill level 8 in Earth Magic
  9788 | D:7      | Slain by a hog

Skill      XL: |  1  2  3  4  5  6  7  8  9 |
---------------+----------------------------+-----
Earth Magic    | 4 5 6 7 8 |  8.1
Conjurations   | 1 2 3 4 |  4.2
Spellcasting   | 3 4 5 6 |  6.9
Long Blades    | 1 2 |  2.1
Dodging        | 2 |  2.6
Fighting       | 1 2 |  2.0
Stealth        | 4 |  4.1
Transmutations | |  1.0
Invocations    | |  0.1

Action                   |  1- 3 |  4- 6 |  7- 9 || total
-------------------------+-------+-------+-------++-------
Melee: Short sword       |     5 |       |       ||     5
       Long sword        |       |    21 |    18 ||    39
       Headbutt          |       |       |     3 ||     3
 Cast: Sandblast         |    29 |    48 |    47 ||   124
       Stone Arrow       |    12 |    34 |   118 ||   164
Invok: Divine Protection |       |       |     1 ||     1
       Heal Other        |       |       |     1 ||     1
 Abil: Spit Poison       |    10 |     9 |    10 ||    29
  Use: Potion            |       |     7 |     5 ||    12
  Eat: Chunk             |     3 |    11 |    20 ||    34
Armor: Robe              |     6 |    25 |    40 ||    71
       Skin              |       |    15 |       ||    15
Dodge: Dodged            |    31 |    37 |    52 ||   120
       Rpst.: Long sword |       |     8 |    19 ||    27
